 Dungeon Crawl Stone Soup version 0.26-a0-8-gc4d20be10f (webtiles) character file.

Game seed: 3966863351509085023, levelgen mode: deterministic

30 odemus the Conjurer (level 3, 0/24 HPs)
             Began as a Human Conjurer on May 24, 2020.
             Slain by a bullfrog skeleton (5 damage)
             ... on level 2 of the Dungeon.
             The game lasted 00:09:59 (1232 turns).

odemus the Conjurer (Human Conjurer)                Turns: 1232, Time: 00:10:00

Health: 0/24       AC:  2    Str:  8    XL:     3   Next: 37%
Magic:  1/6        EV: 12    Int: 16    God:
Gold:   60         SH:  0    Dex: 13    Spells: 5/6 levels left

rFire    . . .     SeeInvis .   (no weapon)
rCold    . . .     Gourm    .   (no shield)
rNeg     . . .     Faith    .   a - +0 robe
rPois    .         Spirit   .   (no helmet)
rElec    .         Reflect  .   (no cloak)
rCorr    .         Harm     .   (no gloves)
MR       .....                  (no boots)
Stlth    ++........             (no amulet)
HPRegen  0.08/turn              (no ring)
MPRegen  0.10/turn              (no ring)

@: no status effects
A: no striking features
a: no special abilities


You were on level 2 of the Dungeon.
You were not hungry.

You visited 1 branch of the dungeon, and saw 2 of its levels.

You collected 60 gold pieces.

Inventory:

Hand Weapons
 b - a +0 dagger
Armour
 a - a +0 robe (worn)
Jewellery
 d - a cursed -4 ring of slaying {unknown}
 f - a +4 ring of evasion {unknown}
Scrolls
 h - a scroll of immolation {unknown}


   Skills:
 + Level 2.1 Dodging
 + Level 2.1 Stealth
 + Level 2.1 Spellcasting
 + Level 4.8 Conjurations


You had 5 spell levels left.
You knew the following spells:

 Your Spells              Type           Power        Failure   Level  Hunger
a - Magic Dart            Conj           ###.         2%          1    #......

Your spell library contained the following spells:

 Spells                   Type           Power        Failure   Level  Hunger
 Searing Ray              Conj           ###...       4%          2    ###....
 Dazzling Flash           Conj/Hex       #.....       22%         3    ###....
 Fulminant Prism          Conj/Hex       #.........   58%         4    #####..
 Iskenderun's Mystic Bla  Conj/Tloc      #.......     58%         4    #####..


Dungeon Overview and Level Annotations

Branches:
Dungeon (2/15)

Altars:


Message History

Confirm with . or Enter, or press ? or * to list all spells.
Aiming: Magic Dart (safe; 2% risk of failure)
Press: ? - help, Shift-Dir - straight line, f/p - bullfrog skeleton
Aim: a bullfrog skeleton (moderately damaged)
The magic dart hits the bullfrog skeleton.
The bullfrog skeleton is moderately damaged.
The bullfrog skeleton closely misses you.
Casting: Magic Dart (safe; 2% risk of failure)
Confirm with . or Enter, or press ? or * to list all spells.
Aiming: Magic Dart (safe; 2% risk of failure)
Press: ? - help, Shift-Dir - straight line, f/p - bullfrog skeleton
Aim: a bullfrog skeleton (moderately damaged)
The magic dart hits the bullfrog skeleton.
The bullfrog skeleton is heavily damaged.
The bullfrog skeleton hits you.
* * * LOW HITPOINT WARNING * * *
As you read the scroll labeled BUAMEAMA ICAK, it crumbles to dust.
You assume a fearsome visage.
The bullfrog skeleton is unaffected.
It was a scroll of fear.
The bullfrog skeleton hits you.
You die...

#####..........)......#.###
#......#############.......
#.####.# ###.#### #.# #.#
#.# #.# #.# #.# #.# #<#
#############.# #.# #†#
#...........#.#
#######.####.#
#.#########.#.#
(..........).# #@# #.#.#
#####...###### #Z#
#######.#.#### #)### #.#
#............. #.#
#.###.#####.#.###. #.#
#.##...####.#.# #.#
#...........#.# #.#
####...######.# #.# ##.##
#.# #####.# #.# ..#


You could see a bullfrog skeleton.

Vanquished Creatures
  3 dart slugs
  2 leopard geckos (D:2)
  4 goblins (D:1)
  4 hobgoblins
  3 kobolds
  2 bats (D:1)
  A frilled lizard (D:1)
  2 rats
21 creatures vanquished.

Notes
Turn   | Place    | Note
-------+----------+-------------------------------------------
     0 | D:1      | odemus the Human Conjurer began the quest for the Orb.
     0 | D:1      | Reached XP level 1. HP: 13/13 MP: 3/3
   288 | D:1      | Reached XP level 2. HP: 19/19 MP: 0/5
   945 | D:2      | Reached XP level 3. HP: 24/24 MP: 2/6
  1232 | D:2      | Slain by a bullfrog skeleton

Illustrated notes

Levels and vault maps discovered:
D:1:      roderic_chinese_lattice_arrival, layout_loops_ring, grunt_decor_cap,
          corner_web_ring
D:2:      layout_loops_ring, minmay_misc_feat_alley, uniq_natasha

Action                   || total
-------------------------++-------
 Cast: Magic Dart        ||    50
  Use: Scroll            ||     1
  Eat: Ration            ||     1
Armor: Robe              ||     3
Dodge: Dodged            ||     6

Table legend:
 A = Non-vault XP
 B = Vault XP
 C = Vault XP percentage of total XP
 D = Non-vault monster count
 E = Vault monster count
 F = Vault count percentage of total count
                 A         B        C        D         E       F
            +---------+---------+-------+---------+---------+-------
      Total |      44 |       0 |   0.0 |      21 |       0 |   0.0
            +---------+---------+-------+---------+---------+-------
        D:1 |      26 |       0 |   0.0 |      13 |       0 |   0.0
        D:2 |      18 |       0 |   0.0 |       8 |       0 |   0.0
            +---------+---------+-------+---------+---------+-------
